 Dungeon Crawl Stone Soup version 0.28-a0-628-g3c9886e45e (webtiles) character file.

Game seed: 7283680641205280171

9 Tocho the Shield-Bearer (level 2, 27/27 HPs)
             Began as a Minotaur Fighter on Oct 8, 2021.
             Quit the game on level 1 of the Dungeon.
             The game lasted 00:00:22 (150 turns).

Tocho the Shield-Bearer (Minotaur Fighter)           Turns: 150, Time: 00:00:22

Health: 27/27      AC:  7    Str: 20    XL:     2   Next: 3%
Magic:  1/1        EV:  9    Int:  5    God:
Gold:   0          SH:  4    Dex:  9    Spells: 1/1 levels left

rFire   . . .      SeeInvis .   a - +0 trident
rCold   . . .      Faith    .   c - +0 buckler
rNeg    . . .      Spirit   .   b - +0 scale mail
rPois   .          Reflect  .   (helmet restricted)
rElec   .          Harm     .   (no cloak)
rCorr   .          Rampage  .   (no gloves)
Will    .....                   (no boots)
Stlth   ..........              (no amulet)
HPRegen 0.09/turn               (no ring)
MPRegen 0.07/turn               (no ring)

@: no status effects
A: horns 2, retaliatory headbutt
a: no special abilities


You were on level 1 of the Dungeon.
You visited 1 branch of the dungeon, and saw 1 of its levels.

Inventory:

Hand Weapons
 a - a +0 trident (weapon)
Armour
 b - a +0 scale mail (worn)
 c - a +0 buckler (worn)
Scrolls
 g - a scroll of identify {unknown}
 h - a scroll of blinking {unknown}
Potions
 d - a potion of might
 e - a potion of mutation {unknown}
 f - a potion of haste {unknown}


   Skills:
 + Level 3.8 Fighting
 + Level 2.4 Polearms
 + Level 3.9 Armour
 + Level 4.0 Shields


You had one spell level left.
You didn't know any spells.
Your spell library contained the following spells:

 Spells                   Type           Power      Damage    Failure   Level
 Ignite Poison            Fire/Tmut/Pois 0%         N/A       99%         3
 Mephitic Cloud           Conj/Pois/Air  0%         N/A       99%         3
 Freezing Cloud           Conj/Ice/Air   0%         6-21      100%        5


Dungeon Overview and Level Annotations

Branches:
Dungeon (1/15)

Altars:


Innate Abilities, Weirdness & Mutations

You have a pair of horns on your head.
You reflexively headbutt those who attack you in melee.


Message History

No target in view!
No target in view!
No target in view!
No target in view!
No target in view!
f - a coppery potion No target in view!
g - a scroll labelled ZOGROPLUSTRO No target in view!
You open the door.
There is an open door here.
A quokka comes into view.
A quokka is nearby!
A quokka is nearby!
You reach to attack!
You barely miss the quokka.
A quokka is nearby!
You hit the quokka but do no damage. Your headbutt misses the quokka.
You block the quokka's attack.
The quokka bites you but does no damage.
You hit the quokka.
You kill the quokka!
No target in view!
h - a scroll labelled JOIQYE RE QIUC No target in view!
You pick up a Trismegistus Codex and begin reading...
You add the spells Ignite Poison, Mephitic Cloud and Freezing Cloud to your library.
No target in view!
Found 28 arrows.
No target in view!
No target in view!
An endoplasm comes into view.
The endoplasm quivers.
You barely miss the endoplasm.
The endoplasm hits you but does no damage.
An endoplasm is nearby!
You hit the endoplasm but do no damage. You headbutt the endoplasm.
You kill the endoplasm!
Your Shields skill increases to level 4!
You have reached level 2!
Are you sure you want to abandon this character and quit the game? (Confirm with "yes".)

#.# #...# ##......
#.# #...# .......
#.# #...# #......
##'####...#
#....##...#
#....##...#
########....#....#
.....†.........#.#
#########.###..#@#
#...(..#......#
#.#....######...
#.###..# ... ...#
... ##.# ... .#


There were no monsters in sight!

Vanquished Creatures
  A bat (D:1)
  An endoplasm (D:1)
  2 goblins (D:1)
  A quokka (D:1)
  A ball python (D:1)
  A frilled lizard (D:1)
  A rat (D:1)
8 creatures vanquished.

Notes
Turn   | Place    | Note
-------+----------+-------------------------------------------
     0 | D:1      | Tocho the Minotaur Fighter began the quest for the Orb.
     0 | D:1      | Reached XP level 1. HP: 19/19 MP: 0/0
   150 | D:1      | Reached skill level 4 in Shields
   150 | D:1      | Reached XP level 2. HP: 27/27 MP: 1/1
   150 | D:1      | Quit the game

Illustrated notes

Levels and vault maps discovered:
D:1:      wander_arrival_lonely_grave, layout_basic, serial_bayou_lake_a

Skill      XL: |  1 |
---------------+----+-----
Shields        | 4 |  4.0
Fighting       | |  3.8
Polearms       | |  2.4
Armour         | |  3.9

Action                   || total
-------------------------++-------
Melee: Trident           ||    17
       Headbutt          ||     3
Armor: Scale mail        ||     3
Block: Buckler           ||     3

Table legend: (Time is in decaauts)
 A = Elapsed time spent in this place.
 B = Non-inter-level travel time spent in this place.
 C = Inter-level travel time spent in this place.
 D = Time resting spent in this place.
 E = Time spent auto-exploring this place.
 F = Levels seen in this place.
 G = Mean time per level.
                   A        B        C        D        E       F      G
               +--------+--------+--------+--------+--------+-----+--------+
         Total |    152 |    152 |      0 |      0 |    107 |   1 |  152.0 |
       Dungeon |    152 |    152 |      0 |      0 |    107 |   1 |  152.0 |
               +--------+--------+--------+--------+--------+-----+--------+

Top non-repeatable levels by time:
     D:1: 152 daAuts
